 Dungeon Crawl Stone Soup version 0.22-a0-617-g6d95e9e (webtiles) character file.

9 sking99 the Grasshopper (level 2, -2/25 HPs)
             Began as a Draconian Warper on July 12, 2018.
             Slain by a gnoll
             ... wielding a +0 spear
              (6 damage)
             ... on level 1 of the Dungeon.
             The game lasted 00:00:19 (157 turns).

sking99 the Grasshopper (Draconian Warper)           Turns: 157, Time: 00:00:20

Health: -2/25      AC:  4    Str: 13    XL:     2   Next: 6%
Magic:  5/5        EV: 12    Int: 13    God:
Gold:   34         SH:  0    Dex: 10    Spells: 5/5 levels left

rFire    . . .     SeeInvis .   a - +0 falchion
rCold    . . .     Gourm    .   (no shield)
rNeg     . . .     Faith    .   (armour unavailable)
rPois    .         Spirit   .   (helmet restricted)
rElec    .         Reflect  .   (no cloak)
rCorr    .         Harm     .   (no gloves)
MR       .....                  (no boots)
Stlth    +.........             (no amulet)
HPRegen  0.08/turn              (no ring)
MPRegen  0.09/turn              (no ring)

@: no status effects
A: unfitting armour, cold-blooded, AC +4
a: no special abilities


You were on level 1 of the Dungeon.
You were not hungry.

You visited 1 branch of the dungeon, and saw 1 of its levels.

You collected 34 gold pieces.

Inventory:

Hand Weapons
 a - a +0 falchion (weapon)
Missiles
 d - 5 tomahawks of dispersal (quivered)
Scrolls
 c - a scroll of blinking
Comestibles
 b - a chunk of flesh
 f - 2 rations


   Skills:
 + Level 2.4 Fighting
 * Level 2.4 Long Blades
 - Level 0.8 Throwing
 - Level 2.1 Dodging
 + Level 2.1 Spellcasting
   Level 3.0 Translocations


You had 5 spell levels left.
You didn't know any spells.
Your spell library contained the following spells:

 Spells                   Type           Power        Failure   Level  Hunger
 Teleport Other           Tloc           #.......     22%         3    ####...
 Blink                    Tloc           N/A          11%         2    ###....
 Passage of Golubria      Tloc           N/A          58%         4    #####..
 Shroud of Golubria       Chrm/Tloc      #.........   21%         2    ###....
 Gell's Gravitas          Tloc           #.........   22%         3    ####...
 Lesser Beckoning         Tloc           #.........   22%         3    ####...


Dungeon Overview and Level Annotations

Branches:
Dungeon (1/15)

Altars:


Innate Abilities, Weirdness & Mutations

Your plain brown scales are hard. (AC +4)
You cannot fit into any form of body armour.
You are cold-blooded and may be slowed by cold attacks.


Message History

The goblin barely misses you. The goblin hits you with a dagger.
The jackal closely misses you. The jackal bites you.
The goblin closely misses you. The jackal closely misses you.
You riposte.
You hit the jackal.
You kill the jackal!
You have reached level 2!
There is an open door here.
You closely miss the goblin.
Your tail-slap misses the goblin.
The goblin hits you with a club.
You barely miss the goblin. The goblin barely misses you.
You hit the goblin.
The goblin is severely wounded.
The gnoll hits you from afar with a spear!
* * * LOW HITPOINT WARNING * * *
The goblin hits you but does no damage.
You hit the goblin.
You kill the goblin!
The gnoll hits you from afar with a spear.
You die...

.......#.....'.......+.......
.............####...##......
.....................+.....#
####.#.##.#####.#...##.....#
#.#.##.# #.##+###.....#
#.#.##+#####.##.# #.....#
#.#.#........##.# #.....#
####.#.#.....)..##.###.....#
................@)g.†......#
######..........##g...........
..........#####.#########.##.#
##.### ## ... .# .# .... .# .
.....# .. .....## ....#
......# ....# ..#


You could see a gnoll and a goblin.

Vanquished Creatures
  A leopard gecko (D:1)
  2 giant cockroaches (D:1)
  2 goblins (D:1)
  A jackal (D:1)
  A kobold (D:1)
7 creatures vanquished.

Notes
Turn   | Place    | Note
-------+----------+-------------------------------------------
     0 | D:1      | sking99 the Draconian Warper began the quest for the Orb.
     0 | D:1      | Reached XP level 1. HP: 17/17 MP: 3/3
   150 | D:1      | Reached XP level 2. HP: 12/25 MP: 5/5
   157 | D:1      | Slain by a gnoll

Vault maps used:
D:1:      lightli_iron_boxes, minmay_bisected

Action                   || total
-------------------------++-------
Melee: Falchion          ||    27
       Tailslap          ||     2
Armor: Skin              ||     8
Dodge: Dodged            ||    19
       Rpst.: Falchion   ||     4

Table legend:
 A = Spawn XP
 B = Non-spawn XP
 C = Spawn XP percentage of total XP
 D = Spawn monster count
 E = Non-spawn monster count
 F = Spawn count percentage of total count
 G = Total turns spent on level
                    A         B        C        D         E        F      G
               +---------+---------+-------+---------+---------+-------+---------
         Total |       0 |      14 |   0.0 |       0 |       7 |   0.0 |   157
               +---------+---------+-------+---------+---------+-------+---------
           D:1 |       0 |      14 |   0.0 |       0 |       7 |   0.0 |   157
               +---------+---------+-------+---------+---------+-------+---------
